[Event "Titled Tuesday Blitz June 20 Early 2023"]
[White "Jones, Gawain C B"]
[Black "Lavrik, Dmitry"]
[WhiteFideId "409561"]
[BlackFideId "24113190"]
[WhiteElo "2645"]
[BlackElo "2345"]
[Result "1-0"]
[Round "7"]
[TimeControl "180+2"]
[Date "2023.06.20"]
[WhiteClock "0:00:31"]
[BlackClock "0:00:05"]
[Board "18"]

1. Nf3 c5 2. e4 Nc6 3. c3 d5 4. exd5 Qxd5 5. d4 Nf6 6. Na3 Bg4 7. Bc4 Qe4+ 8. Be3 cxd4 9. Nb5 O-O-O 10. cxd4 e5 11. Nc3 Bxf3 12. gxf3 Qh4 13. Qa4 exd4 14. O-O-O Kb8 15. Bb5 Bc5 16. Bxc6 bxc6 17. Ne2 Qh5 18. Nxd4 Bxd4 19. Bxd4 c5 20. Qb5+ Ka8 21. Qc6+ Kb8 22. Bxc5 Qxc5+ 23. Qxc5 Rc8 24. Qxc8+ Rxc8+ 25. Kb1 Rc5 26. Rhe1 Rf5 27. Re7 1-0


[Site "https://www.chess.com"]

[Event "Titled Tuesday Blitz June 20 Early 2023"]
[White "Sethuraman, S.P."]
[Black "Kollars, Dmitrij"]
[WhiteFideId "5021596"]
[BlackFideId "12909572"]
[WhiteElo "2543"]
[BlackElo "2584"]
[Result "0-1"]
[Round "7"]
[TimeControl "180+2"]
[Date "2023.06.20"]
[WhiteClock "0:00:00"]
[BlackClock "0:00:05"]
[Board "19"]

1. e4 c5 2. Nf3 Nc6 3. Bb5 g6 4. O-O Bg7 5. Re1 e5 6. Bxc6 dxc6 7. d3 Qe7 8. a4 Nf6 9. Nbd2 O-O 10. a5 Nd7 11. Nc4 Rd8 12. Bd2 Nf8 13. Qb1 Bg4 14. Re3 Bh6 15. Re1 Bxd2 16. Nfxd2 f6 17. Ne3 Be6 18. Ra4 Bf7 19. Qa1 Ne6 20. Qa3 Nd4 21. h3 Rd7 22. b4 Rad8 23. Qb2 b5 24. axb6 axb6 25. bxc5 Qxc5 26. Ra6 b5 27. Qa3 b4 28. Qa5 Qc3 29. Rd1 Nxc2 30. Nb1 Qb2 31. Rxc6 Nxe3 32. fxe3 Rxd3 33. Rf1 Rd1 34. Rxf6 Rxf1+ 35. Rxf1 Rc8 36. Qa6 Rf8 37. Kh2 Qc2 38. Qf6 Qc5 0-1


[Site "https://www.chess.com"]

[Event "Titled Tuesday Blitz June 20 Early 2023"]
[White "Lobanov, Sergei"]
[Black "Kramnik, Vladimir"]
[WhiteFideId "24183750"]
[BlackFideId "4101588"]
[WhiteElo "2501"]
[BlackElo "2703"]
[Result "0-1"]
[Round "7"]
[TimeControl "180+2"]
[Date "2023.06.20"]
[WhiteClock "0:00:11"]
[BlackClock "0:00:18"]
[Board "20"]

1. d4 Nf6 2. c4 e6 3. Nc3 d5 4. cxd5 exd5 5. Bg5 c6 6. e3 Bf5 7. Bd3 Bxd3 8. Qxd3 Nbd7 9. Nge2 Be7 10. O-O O-O 11. f3 Re8 12. Rad1 Nf8 13. Bh4 Ne6 14. Bf2 a5 15. h3 Qb6 16. e4 Qa6 17. Qc2 dxe4 18. fxe4 Rad8 19. Be3 Bb4 20. Ng3 c5 21. Rxf6 gxf6 22. Nd5 Nxd4 23. Bxd4 cxd4 24. Nh5 Re5 25. Ndxf6+ Kh8 26. Qc7 Qd6 27. Qxf7 Re7 28. Qc4 d3 29. a3 Qc5+ 30. Qxc5 Bxc5+ 31. Kh1 d2 32. Nd5 Rxe4 33. Rxd2 Re1+ 34. Kh2 Re5 35. Nhf6 Be7 36. Ng4 Rexd5 0-1


[Site "https://www.chess.com"]

[Event "Titled Tuesday Blitz June 20 Early 2023"]
[White "Vakhlamov, Igor L."]
[Black "Gordievsky, Dmitry"]
[WhiteFideId "24126748"]
[BlackFideId "24112798"]
[WhiteElo "2407"]
[BlackElo "2546"]
[Result "1-0"]
[Round "7"]
[TimeControl "180+2"]
[Date "2023.06.20"]
[WhiteClock "0:00:29"]
[BlackClock "0:00:00"]
[Board "21"]

1. e4 c5 2. Nf3 e6 3. Nc3 Nc6 4. d4 cxd4 5. Nxd4 Nf6 6. Nxc6 bxc6 7. Bd3 d5 8. O-O Bd6 9. Re1 Qc7 10. h3 O-O 11. b3 Bh2+ 12. Kh1 Be5 13. Bb2 dxe4 14. Bxe4 Nxe4 15. Rxe4 Bf6 16. Qh5 e5 17. Na4 g6 18. Qe2 Re8 19. f4 Bf5 20. Bxe5 Bxe4 21. Bxc7 Bxa1 22. c3 Bd5 23. Qd1 Re7 24. Be5 Rae8 25. Qxa1 f6 26. c4 fxe5 27. cxd5 exf4 28. Qd4 f3 29. dxc6 Re1+ 30. Kh2 fxg2 31. Kxg2 R8e2+ 32. Kf3 Rc2 33. c7 Rxc7 34. Qd8+ 1-0


[Site "https://www.chess.com"]

[Event "Titled Tuesday Blitz June 20 Early 2023"]
[White "Hayrapetyan, Hovik"]
[Black "Makarian, Rudik"]
[WhiteFideId "13302639"]
[BlackFideId "44105681"]
[WhiteElo "2348"]
[BlackElo "2451"]
[Result "0-1"]
[Round "7"]
[TimeControl "180+2"]
[Date "2023.06.20"]
[WhiteClock "0:00:00"]
[BlackClock "0:00:10"]
[Board "22"]

1. d4 Nf6 2. c4 e6 3. Nc3 d5 4. Nf3 dxc4 5. e4 b5 6. e5 Nfd7 7. Nxb5 Nb6 8. Nc3 Nc6 9. Be2 Be7 10. O-O O-O 11. Qd2 Nb4 12. Rd1 Bb7 13. Qf4 Kh8 14. Qg3 f5 15. h4 N4d5 16. Bg5 Rb8 17. Rac1 Nxc3 18. bxc3 Bd5 19. Rb1 Qd7 20. h5 Bxg5 21. Qxg5 Be4 22. Rbc1 Qd8 23. Qf4 Qe7 24. h6 Rg8 25. Ng5 Bxg2 26. Bh5 Rbf8 27. Nf7+ Rxf7 28. Bxf7 Qxf7 29. Kxg2 Nd5 30. Qh4 g5 31. Qh1 f4 32. Qh3 f3+ 33. Kg1 Nf4 34. Qg4 Qg6 35. Qxf3 Qf5 36. Kf1 g4 37. Qg3 Rf8 38. Re1 Qh5 0-1


[Site "https://www.chess.com"]

[Event "Titled Tuesday Blitz June 20 Early 2023"]
[White "Kozak, Adam"]
[Black "Seo, Jung Min"]
[WhiteFideId "753246"]
[BlackFideId "1734687"]
[WhiteElo "2469"]
[BlackElo "2468"]
[Result "1/2-1/2"]
[Round "7"]
[TimeControl "180+2"]
[Date "2023.06.20"]
[WhiteClock "0:00:09"]
[BlackClock "0:00:28"]
[Board "23"]

1. d4 Nf6 2. c4 g6 3. Nc3 Bg7 4. e4 d6 5. Nf3 O-O 6. Be2 Nc6 7. O-O e5 8. d5 Ne7 9. Ne1 a5 10. Be3 Nd7 11. f3 f5 12. Nd3 b6 13. a4 f4 14. Bf2 g5 15. b4 h5 16. bxa5 Rxa5 17. Nb4 Nf6 18. Nc6 Nxc6 19. dxc6 Be6 20. Nd5 Rf7 21. Be1 Ra8 22. a5 bxa5 23. Rxa5 Rc8 24. Ra7 Qe8 25. Ra6 Kh7 26. Kh1 Qg8 27. Bf2 g4 28. Bh4 Bxd5 29. cxd5 g3 30. hxg3 fxg3 31. Bxg3 Bh6 32. Bh4 Bg5 33. Qe1 Rg7 34. Rg1 Rf8 35. Bxg5 Rxg5 36. Qh4 Rf7 37. g3 Qg6 38. Ra8 Rg7 39. Kh2 Qh6 40. Rg2 R5g6 41. Rf8 Re7 42. Rd8 Reg7 43. Rb8 Rf7 44. Rd8 Rfg7 45. Bb5 Qe3 46. Be2 Qh6 1/2-1/2


[Site "https://www.chess.com"]

[Event "Titled Tuesday Blitz June 20 Early 2023"]
[White "Pap, Gyula"]
[Black "Fernandez Guillen, Ernesto J."]
[WhiteFideId "725323"]
[BlackFideId "3512428"]
[WhiteElo "2519"]
[BlackElo "2434"]
[Result "1-0"]
[Round "7"]
[TimeControl "180+2"]
[Date "2023.06.20"]
[WhiteClock "0:00:39"]
[BlackClock "0:00:07"]
[Board "24"]

1. d4 Nf6 2. c4 g6 3. Nc3 d6 4. e4 Bg7 5. Be2 O-O 6. Bg5 h6 7. Be3 e5 8. d5 Nbd7 9. Qd2 Kh7 10. f3 a5 11. Bd1 Nc5 12. Bc2 b6 13. Nge2 a4 14. g4 Ba6 15. b4 axb3 16. axb3 Bb7 17. O-O Nfd7 18. b4 Na6 19. Nb5 Qh4 20. Kg2 Kh8 21. Ng3 Rg8 22. Ra3 Raf8 23. Rfa1 Ndb8 24. Na7 Kh7 25. Nc6 Bxc6 26. dxc6 Bf6 27. Rxa6 Nxa6 28. Rxa6 Bg5 29. Bxg5 hxg5 30. Ra7 Rc8 31. Nf1 Kg7 32. Qf2 Qh6 33. Ne3 Rh8 34. Qg3 Ra8 35. Rxc7 Ra3 36. Nf1 Ra2 37. Qf2 Qh3+ 38. Kg1 Ra1 39. Bd3 Ra3 40. Be2 Ra2 41. Rd7 Rc8 42. b5 Rd2 43. Nxd2 1-0


[Site "https://www.chess.com"]

[Event "Titled Tuesday Blitz June 20 Early 2023"]
[White "Darini, Pouria"]
[Black "Eljanov, Pavel"]
[WhiteFideId "12502200"]
[BlackFideId "14102951"]
[WhiteElo "2482"]
[BlackElo "2598"]
[Result "0-1"]
[Round "7"]
[TimeControl "180+2"]
[Date "2023.06.20"]
[WhiteClock "0:00:11"]
[BlackClock "0:00:15"]
[Board "25"]

1. e4 e5 2. Bc4 Nf6 3. d3 Nc6 4. Nc3 Bb4 5. Nf3 d6 6. a3 Bxc3+ 7. bxc3 O-O 8. O-O h6 9. Rb1 Re8 10. Re1 Rb8 11. h3 a6 12. a4 Na5 13. Ba2 Bd7 14. Ra1 b6 15. Nd2 Nb7 16. f4 exf4 17. Nf3 g5 18. c4 a5 19. Bb2 Nc5 20. Bb3 Nh7 21. Nd4 Qf6 22. Ra2 Qg6 23. Rf1 Nf6 24. Qf3 Nh5 25. Ne2 f5 26. exf5 Bxf5 27. Qf2 Rxe2 28. Qxe2 Ng3 29. Qf2 Nxf1 30. Qxf1 Re8 31. Ra1 Qe6 32. Bc3 Qe2 33. Qxe2 Rxe2 34. Re1 Rxe1+ 35. Bxe1 Nxb3 36. cxb3 Bxd3 37. Kf2 Bc2 38. b4 axb4 39. Bxb4 Bxa4 40. Bd2 Kf7 41. g3 fxg3+ 42. Kxg3 Bb3 43. c5 dxc5 44. h4 gxh4+ 45. Kxh4 Ke6 46. Bxh6 b5 47. Kg3 b4 48. Kf2 Kd5 49. Ke1 c6 50. Bf8 Bc4 51. Kd2 Ba6 52. Be7 Kc4 53. Kc2 Kb5 54. Bf8 c4 55. Kb2 Bc8 56. Bg7 c3+ 57. Kc2 Bf5+ 58. Kb3 Be6+ 59. Kc2 Kc4 60. Bf6 b3+ 61. Kc1 Bf5 62. Bxc3 Kxc3 63. Kd1 b2 0-1


[Site "https://www.chess.com"]

[Event "Titled Tuesday Blitz June 20 Early 2023"]
[White "Jaracz, Pawel"]
[Black "Drozdowski, Kacper"]
[WhiteFideId "1102222"]
[BlackFideId "1136720"]
[WhiteElo "2454"]
[BlackElo "2497"]
[Result "0-1"]
[Round "7"]
[TimeControl "180+2"]
[Date "2023.06.20"]
[WhiteClock "0:00:00"]
[BlackClock "0:00:08"]
[Board "26"]

1. Nf3 d5 2. e3 Nf6 3. c4 e6 4. b3 Be7 5. Bb2 O-O 6. Nc3 Nbd7 7. Qc2 b6 8. cxd5 exd5 9. d4 Bb7 10. Bd3 c5 11. O-O Rc8 12. Qe2 Re8 13. Rfd1 Bf8 14. Rac1 g6 15. Ba6 Bxa6 16. Qxa6 cxd4 17. Nxd4 Nc5 18. Qe2 Bg7 19. Qf3 Qd7 20. h3 Red8 21. Nde2 Qb7 22. Nb5 Nce4 23. Nf4 Rxc1 24. Rxc1 Qd7 25. Qe2 a6 26. Nd4 a5 27. Qc2 Nc5 28. a3 Nfe4 29. b4 axb4 30. axb4 Na4 31. Ba1 b5 32. Qc7 Qxc7 33. Rxc7 Nb6 34. Ra7 Bf8 35. Nxb5 Bxb4 36. Rb7 Nc4 37. Nd4 Bc3 38. Nc6 Rd6 39. Bxc3 Nxc3 40. Nd4 Ne4 41. Nb5 Rd8 42. Nc7 Ne5 0-1


[Site "https://www.chess.com"]

[Event "Titled Tuesday Blitz June 20 Early 2023"]
[White "Bacrot, Etienne"]
[Black "Kvaloy, Aksel Bu"]
[WhiteFideId "605506"]
[BlackFideId "1528815"]
[WhiteElo "2672"]
[BlackElo "2318"]
[Result "1-0"]
[Round "7"]
[TimeControl "180+2"]
[Date "2023.06.20"]
[WhiteClock "0:01:21"]
[BlackClock "0:01:56"]
[Board "27"]

1. d4 Nf6 2. Nf3 e6 3. Bg5 d5 4. Nbd2 c5 5. e3 Nc6 6. c3 Bd6 7. Bd3 e5 8. dxe5 Nxe5 9. Bb5+ Bd7 10. Bxd7+ Nexd7 11. e4 dxe4 12. Nxe4 Qe7 13. O-O Bc7 14. Re1 Ne5 15. Nxe5 Bxe5 16. f4 Rd8 17. Qa4+ 1-0


[Site "https://www.chess.com"]

[Event "Titled Tuesday Blitz June 20 Early 2023"]
[White "Chigaev, Maksim"]
[Black "Eugene, Floryan"]
[WhiteFideId "4108116"]
[BlackFideId "20694784"]
[WhiteElo "2561"]
[BlackElo "2369"]
[Result "1-0"]
[Round "7"]
[TimeControl "180+2"]
[Date "2023.06.20"]
[WhiteClock "0:00:06"]
[BlackClock "0:00:14"]
[Board "28"]

1. e4 c5 2. Nf3 Nc6 3. Bb5 g6 4. O-O Bg7 5. Re1 e5 6. Bxc6 dxc6 7. d3 Qe7 8. a4 Nf6 9. Na3 O-O 10. Nc4 Nd7 11. a5 Rd8 12. Bg5 f6 13. Be3 Nf8 14. Qb1 Be6 15. Nfd2 Bf7 16. c3 Ne6 17. b4 cxb4 18. cxb4 Bf8 19. Ra2 Nd4 20. Rb2 Qd7 21. h3 Nb5 22. Rb3 Be6 23. Rc1 Qf7 24. Nf3 Rd7 25. Rb2 Rad8 26. Rd2 h5 27. Ncxe5 fxe5 28. Nxe5 Qg7 29. Nxd7 Rxd7 30. d4 Qe7 31. Rc5 Bg7 32. d5 Bf7 33. Qc1 Qxe4 34. dxc6 Rxd2 35. cxb7 Qxb7 36. Qxd2 a6 37. Qd8+ Kh7 38. Qd3 Qe7 39. Rxh5+ Kg8 40. Rc5 Bf8 41. Rc6 Qxb4 42. Rxg6+ Bxg6 43. Qxg6+ Bg7 44. Qe6+ Kh8 45. g3 Qd6 46. Qc8+ Kh7 47. Qf5+ Qg6 48. Qd5 Nc3 49. Qb7 Ne4 50. Kg2 Nf6 51. Qxa6 Qe4+ 52. Kg1 Qb1+ 53. Qf1 Qb5 54. Qxb5 1-0


[Site "https://www.chess.com"]

[Event "Titled Tuesday Blitz June 20 Early 2023"]
[White "Sadhwani, Raunak"]
[Black "Munkhgal, Gombosuren"]
[WhiteFideId "35093487"]
[BlackFideId "4901266"]
[WhiteElo "2631"]
[BlackElo "2528"]
[Result "1-0"]
[Round "7"]
[TimeControl "180+2"]
[Date "2023.06.20"]
[WhiteClock "0:00:05"]
[BlackClock "0:00:00"]
[Board "29"]

1. d4 Nf6 2. Nf3 g6 3. g3 Bg7 4. Bg2 O-O 5. O-O d6 6. c4 Nc6 7. Nc3 e5 8. d5 Nb8 9. e4 a5 10. Ne1 Na6 11. Nd3 b6 12. Be3 Nc5 13. h3 Nfd7 14. Nxc5 Nxc5 15. Kh2 f5 16. exf5 gxf5 17. f4 e4 18. Bd4 Qe7 19. Nb5 Ba6 20. Bxg7 Qxg7 21. Qe2 Kh8 22. b3 Rg8 23. Qe3 Bxb5 24. cxb5 Qf6 25. Rad1 Rg7 26. Rg1 Rag8 27. Bf1 h5 28. h4 Kh7 29. Rg2 Kh6 30. a3 Nd7 31. Rc1 Nf8 32. Qc3 Qd8 33. Rg1 Ng6 34. Bh3 Rf8 35. Qd4 Qd7 36. a4 Rfg8 37. Qf6 Rf8 38. Qg5+ Kh7 39. Qxh5+ Kg8 40. Qe2 Qf7 41. h5 Nh8 42. Rc4 Qxd5 43. Rgc1 Rff7 44. h6 Rh7 45. Qh5 Qd2+ 46. Bg2 Rxh6 47. Qxh6 Rh7 48. Qxh7+ Kxh7 49. Rxc7+ Kh6 50. R1c2 Qd4 51. R2c6 Kg6 52. Rb7 e3 53. Re7 Kf6 54. Rcc7 Qd2 55. Re8 e2 56. Rce7 e1=Q 57. Rxe1 Nf7 58. R1e6+ Kg7 59. R8e7 Kf8 60. Re8+ Kg7 61. R8e7 Kf8 62. Rb7 Nh6 63. Rxh6 Kg8 64. Rg6+ Kf8 65. Rf6+ Ke8 66. Rxf5 Qc2 67. Rh5 1-0


[Site "https://www.chess.com"]

[Event "Titled Tuesday Blitz June 20 Early 2023"]
[White "Terry, Renato"]
[Black "Koshulyan, Egor A."]
[WhiteFideId "3803457"]
[BlackFideId "24237000"]
[WhiteElo "2575"]
[BlackElo "2216"]
[Result "1-0"]
[Round "7"]
[TimeControl "180+2"]
[Date "2023.06.20"]
[WhiteClock "0:01:27"]
[BlackClock "0:01:58"]
[Board "30"]

1. e4 c5 2. d4 cxd4 3. c3 Nf6 4. e5 Nd5 5. Nf3 Nc6 6. Bc4 e6 7. O-O d6 8. Bxd5 exd5 9. exd6 Bxd6 10. Re1+ Be7 11. Nxd4 O-O 12. Be3 Bf6 13. Na3 Ne5 14. Bf4 Nc4 15. Nxc4 dxc4 16. Nb5 Qxd1 17. Raxd1 Bg4 18. f3 Bf5 19. Nd6 Bd3 20. Nxb7 Rac8 21. Bd6 Rfd8 22. Nxd8 Rxd8 23. Be7 Rb8 24. Bxf6 gxf6 25. b4 Kf8 26. a4 Rb6 27. b5 a6 28. bxa6 Rxa6 29. Ra1 Ra5 30. Ra2 f5 31. g3 f6 32. Re6 Kf7 33. Rb6 1-0


[Site "https://www.chess.com"]

[Event "Titled Tuesday Blitz June 20 Early 2023"]
[White "Durarbayli, Vasif"]
[Black "Ning, Kaiyu"]
[WhiteFideId "13402935"]
[BlackFideId "8614750"]
[WhiteElo "2551"]
[BlackElo "2287"]
[Result "1-0"]
[Round "7"]
[TimeControl "180+2"]
[Date "2023.06.20"]
[WhiteClock "0:01:22"]
[BlackClock "0:01:01"]
[Board "31"]

1. e4 e5 2. Nc3 Nf6 3. f4 d5 4. fxe5 Nxe4 5. Qf3 Nc6 6. Bb5 Nxc3 7. bxc3 Be6 8. d4 Qd7 9. Bg5 a6 10. Bd3 Be7 11. Bxe7 Nxe7 12. Ne2 c5 13. dxc5 Qc7 14. Qg3 Ng6 15. Bxg6 hxg6 16. Nd4 Rh5 17. Nxe6 Rxe5+ 18. Kd2 fxe6 19. Rhe1 Rxe1 20. Qxc7 Rxa1 21. Qxb7 Rd8 22. c6 1-0


[Site "https://www.chess.com"]

[Event "Titled Tuesday Blitz June 20 Early 2023"]
[White "Arabidze, Meri"]
[Black "Sjugirov, Sanan"]
[WhiteFideId "13604040"]
[BlackFideId "4189302"]
[WhiteElo "2405"]
[BlackElo "2569"]
[Result "0-1"]
[Round "7"]
[TimeControl "180+2"]
[Date "2023.06.20"]
[WhiteClock "0:00:00"]
[BlackClock "0:00:59"]
[Board "32"]

1. Nf3 g6 2. g3 Bg7 3. Bg2 e5 4. O-O d5 5. d3 Ne7 6. e4 O-O 7. Re1 Nbc6 8. Bg5 f6 9. Bd2 Be6 10. exd5 Bxd5 11. Nc3 Bf7 12. Ne4 b6 13. Qc1 Re8 14. h4 Qd7 15. Kh2 Rad8 16. Rh1 Nf5 17. h5 g5 18. Kg1 h6 19. Bh3 Be6 20. Qd1 Nfd4 21. Bxe6+ Qxe6 22. Nxd4 Nxd4 23. g4 f5 24. gxf5 Qxf5 25. Kg2 Rf8 26. Rh3 Rd7 27. Be3 Ne6 28. Rg3 Nf4+ 29. Kh2 Rdf7 30. Qf3 Qe6 31. Qd1 Qc6 32. a4 a5 33. b3 Nd5 34. Bd2 Nf6 35. Nxf6+ Rxf6 36. Be3 Rf3 37. Qg1 e4 38. dxe4 Be5 39. Bxg5 hxg5 40. Kh3 Bxg3 41. fxg3 Qxe4 0-1


[Site "https://www.chess.com"]

[Event "Titled Tuesday Blitz June 20 Early 2023"]
[White "Baskakov, Egor"]
[Black "Weishaeutel, Moritz"]
[WhiteFideId "24197866"]
[BlackFideId "12967300"]
[WhiteElo "2225"]
[BlackElo "2301"]
[Result "1/2-1/2"]
[Round "7"]
[TimeControl "180+2"]
[Date "2023.06.20"]
[WhiteClock "0:00:20"]
[BlackClock "0:00:09"]
[Board "33"]

1. e4 e5 2. Nc3 Nc6 3. g3 Nf6 4. Bg2 Bc5 5. h3 d6 6. Nge2 O-O 7. d3 a6 8. O-O Be6 9. Nd5 Bxd5 10. exd5 Ne7 11. c4 Nf5 12. Kh2 h6 13. Nc3 Re8 14. f4 exf4 15. Bxf4 Ne3 16. Bxe3 Rxe3 17. d4 Bb4 18. Ne2 Qe7 19. Nf4 Re8 20. a3 Be1 21. Rf3 Rxf3 22. Qxf3 Qe3 23. Rd1 h5 24. Nxh5 Nxh5 25. Qxh5 Bxg3+ 26. Kh1 Qf2 27. Qf3 Re1+ 28. Rxe1 Qxe1+ 29. Bf1 Bf2 30. Qe2 Qxe2 31. Bxe2 Bxd4 32. b3 Kf8 33. Bg4 b6 34. Bc8 a5 35. Kg2 Ke7 36. Kf3 Kf6 37. h4 Ke5 38. b4 f5 39. h5 a4 40. Bd7 Bb2 41. Bxa4 Bxa3 42. Be8 Bxb4 43. Bd7 Bc5 44. Be8 Ba3 45. Bd7 Bc1 46. Be8 Kf6 47. Bd7 g6 48. hxg6 Kxg6 49. Be8+ Kf6 50. Bd7 Ke5 51. Bc6 Kd4 52. Bb5 f4 53. Ba6 Be3 54. Bb5 Kc5 55. Ke4 Kb4 56. Kf3 Bd2 57. Ke4 Bc1 58. Kf3 Be3 59. Ke4 Kc5 60. Kf3 Kd4 61. Ba6 Kc5 62. Bb5 Kd4 63. Ba6 Ke5 64. Bb5 Kf5 65. Ba6 Kg5 66. Bc8 Bd4 67. Ba6 Bf6 68. Bb5 Kf5 69. Bc6 Ke5 70. Bb5 Bg5 71. Ba6 Kd4 72. Bb5 Ke5 73. Ba6 Kd4 74. Bb5 Kc5 75. Ke4 Bh6 76. Kf3 Bg5 77. Ke4 Bd8 78. Kxf4 c6 79. Bxc6 Kxc4 80. Ke3 Bg5+ 81. Ke2 b5 82. Kd1 b4 83. Kc2 b3+ 84. Kb1 Kc3 85. Ba8 b2 86. Bc6 Bc1 87. Ba8 Kd4 88. Bc6 Kc5 89. Ba8 Kb6 90. Bc6 Kc7 91. Ba4 Kb6 92. Bc6 Ka5 93. Ba8 Kb4 94. Bc6 1/2-1/2


[Site "https://www.chess.com"]

[Event "Titled Tuesday Blitz June 20 Early 2023"]
[White "Ashraf, Artin"]
[Black "Ibarra Jerez, Jose Carlos"]
[WhiteFideId "22514805"]
[BlackFideId "2226332"]
[WhiteElo "2224"]
[BlackElo "2631"]
[Result "0-1"]
[Round "7"]
[TimeControl "180+2"]
[Date "2023.06.20"]
[WhiteClock "0:00:00"]
[BlackClock "0:00:42"]
[Board "34"]

1. c4 e5 2. Nc3 Nf6 3. g3 c6 4. d4 exd4 5. Qxd4 Na6 6. Bg2 Bc5 7. Qe5+ Be7 8. Nh3 O-O 9. O-O Re8 10. Qd4 Nc5 11. Nf4 a5 12. b3 d6 13. Ba3 Qc7 14. Rad1 Bf8 15. Bb2 Qb6 16. Ba1 a4 17. Rb1 axb3 18. axb3 Qb4 19. Nd3 Nxd3 20. Qxd3 Bg4 21. h3 Bh5 22. f4 Qc5+ 23. Kh2 Re3 24. Qd2 Rae8 25. Rbe1 Qf5 26. Qd4 Qg6 27. g4 Bxg4 28. hxg4 Nxg4+ 29. Kg1 Qh5 30. Rf3 Rxf3 31. Bxf3 Qh2+ 32. Kf1 Ne3+ 0-1


[Site "https://www.chess.com"]

[Event "Titled Tuesday Blitz June 20 Early 2023"]
[White "Galchenko, Matvey"]
[Black "Martic, Ivan"]
[WhiteFideId "24175480"]
[BlackFideId "929301"]
[WhiteElo "2423"]
[BlackElo "2346"]
[Result "1-0"]
[Round "7"]
[TimeControl "180+2"]
[Date "2023.06.20"]
[WhiteClock "0:01:09"]
[BlackClock "0:00:14"]
[Board "35"]

1. f4 d5 2. Nf3 g6 3. g3 Bg7 4. Bg2 c5 5. O-O Nc6 6. d3 Nf6 7. Nc3 d4 8. Na4 b6 9. Ne5 Nxe5 10. fxe5 Nd5 11. c4 dxc3 12. Nxc3 Be6 13. Qa4+ Kf8 14. Nxd5 Bxd5 15. Qf4 Be6 16. Bxa8 Qxa8 17. Bd2 h5 18. Bc3 h4 19. g4 h3 20. Rf3 Rh4 21. Rg3 Bh6 22. Qf3 Bd5 23. e4 Be6 24. Rf1 Qd8 25. Rxh3 Bxg4 26. Qxf7# 1-0


[Site "https://www.chess.com"]

[Event "Titled Tuesday Blitz June 20 Early 2023"]
[White "Souleidis, Georgios"]
[Black "Xu, Yi"]
[WhiteFideId "4206827"]
[BlackFideId "8605564"]
[WhiteElo "2401"]
[BlackElo "2460"]
[Result "1-0"]
[Round "7"]
[TimeControl "180+2"]
[Date "2023.06.20"]
[WhiteClock "0:00:03"]
[BlackClock "0:00:00"]
[Board "36"]

1. e4 c5 2. Be2 Nc6 3. d3 Nf6 4. f4 d5 5. e5 Nd7 6. Nf3 e6 7. O-O Be7 8. c4 Nb6 9. Nc3 O-O 10. a4 Na5 11. b3 dxc4 12. bxc4 Bd7 13. Qc2 Bc6 14. Bd2 Qd7 15. Nb5 Bxf3 16. Bxf3 Nc6 17. a5 Nc8 18. a6 bxa6 19. Rxa6 Nb6 20. Rfa1 Nd4 21. Nxd4 Qxd4+ 22. Kh1 Rad8 23. Be4 Nxc4 24. Bc3 Ne3 25. Qd2 Nc4 26. Qc2 Ne3 27. Qc1 Qd7 28. Qxe3 Rb8 29. Rxa7 Qd8 30. h3 1-0


[Site "https://www.chess.com"]

[Event "Titled Tuesday Blitz June 20 Early 2023"]
[White "Sadykov, Ramil"]
[Black "Ilamparthi A R"]
[WhiteFideId "24113590"]
[BlackFideId "45015775"]
[WhiteElo "2245"]
[BlackElo "2348"]
[Result "0-1"]
[Round "7"]
[TimeControl "180+2"]
[Date "2023.06.20"]
[WhiteClock "0:00:00"]
[BlackClock "0:00:28"]
[Board "37"]

1. e4 c5 2. Nf3 d6 3. Bb5+ Bd7 4. Bxd7+ Qxd7 5. c4 e5 6. Nc3 Nc6 7. d3 Be7 8. O-O Bd8 9. Ne1 Nge7 10. Nc2 O-O 11. Ne3 f5 12. exf5 Nxf5 13. Qg4 Ncd4 14. Nxf5 Rxf5 15. Be3 h5 16. Qe4 Bg5 17. Nd5 Raf8 18. Bxd4 cxd4 19. h4 Bd8 20. g3 g5 21. hxg5 Rxg5 22. Kg2 Rg4 23. Qe2 h4 24. Rh1 Qg7 25. Rh3 hxg3 26. Rxg3 Rxg3+ 27. fxg3 Bh4 28. g4 Rf2+ 29. Qxf2 Bxf2 30. Kxf2 Qh6 31. Kf3 Qh3+ 32. Kf2 Qxd3 33. Re1 Qc2+ 34. Re2 d3 35. Rxc2 dxc2 0-1


[Site "https://www.chess.com"]

[Event "Titled Tuesday Blitz June 20 Early 2023"]
[White "djokovic74"]
[Black "Quesada Perez, Yuniesky"]
[BlackFideId "3504409"]
[WhiteElo "2639"]
[BlackElo "2585"]
[Result "0-1"]
[Round "7"]
[TimeControl "180+2"]
[Date "2023.06.20"]
[WhiteClock "0:00:03"]
[BlackClock "0:00:06"]
[Board "38"]

1. e4 d5 2. exd5 Qxd5 3. Nc3 Qa5 4. d4 Nf6 5. Nf3 Bf5 6. Bd2 e6 7. Bc4 Bb4 8. a3 Bxc3 9. Bxc3 Qb6 10. O-O Nc6 11. a4 a5 12. Qe2 O-O 13. Rfe1 Rad8 14. Rad1 Ne4 15. Qe3 Nxc3 16. Qxc3 Nb4 17. Bb3 Bg4 18. Re4 Bh5 19. Rh4 Nd5 20. Qd3 Bg6 21. Qd2 c5 22. dxc5 Qxc5 23. Rd4 Rc8 24. Bxd5 exd5 25. c3 Be4 26. Ne1 Qc6 27. Nc2 b5 28. axb5 Qxb5 29. f3 Bxc2 30. Qxc2 Rc5 31. Qd2 h6 32. Rg4 Kh8 33. h4 Rb8 34. b4 axb4 35. Rxb4 Qe8 36. Re1 Qc8 37. Rxb8 Qxb8 38. Qd4 Rb5 39. Rd1 Qc7 40. Re1 Qc8 41. Re5 Kg8 42. Rxd5 Rxd5 43. Qxd5 Qxc3 44. Qd8+ Kh7 45. Kh2 Qe5+ 46. Kg1 Qe3+ 47. Kh2 Qf4+ 48. Kg1 h5 49. Qd3+ g6 50. Qd8 Kg7 51. Kf2 Qe5 52. g3 Qb2+ 53. Ke3 Qc3+ 54. Qd3 Qe1+ 55. Qe2 Qxg3 56. Qc4 Qe5+ 57. Kf2 Kf6 58. Qc6+ Ke7 59. Qb7+ Ke6 60. Qc6+ Qd6 61. Qe8+ Kf6 62. Qh8+ Kf5 63. Qg7 Qh2+ 64. Ke3 Qe5+ 65. Qxe5+ Kxe5 66. Ke2 Kf4 67. Kf2 f6 68. Kg2 Ke3 69. Kg3 f5 70. Kg2 f4 0-1


[Site "https://www.chess.com"]

[Event "Titled Tuesday Blitz June 20 Early 2023"]
[White "Lorparizangeneh, Shahin"]
[Black "Mortazavi, Ali"]
[WhiteFideId "12521604"]
[BlackFideId "401323"]
[WhiteElo "2526"]
[BlackElo "2339"]
[Result "1-0"]
[Round "7"]
[TimeControl "180+2"]
[Date "2023.06.20"]
[WhiteClock "0:01:22"]
[BlackClock "0:00:10"]
[Board "39"]

1. e4 c6 2. d4 d5 3. exd5 cxd5 4. Bd3 Nc6 5. c3 Qc7 6. Na3 a6 7. Nc2 e5 8. dxe5 Nxe5 9. h3 Bd6 10. Nf3 Nxd3+ 11. Qxd3 Ne7 12. Ncd4 O-O 13. O-O Nc6 14. Re1 Ne5 15. Nxe5 Bxe5 16. Nf3 Bf6 17. Qxd5 Be6 18. Qh5 Rad8 19. Bg5 Rd5 20. Qh4 Be5 21. Rxe5 Rxe5 22. Bf4 f6 23. Bxe5 fxe5 24. Qe4 Rf5 25. Rd1 h6 26. Nd4 Qf7 27. Nxf5 Bxf5 28. Qxe5 Kh7 29. c4 Bg6 30. b3 Qf8 31. Rd7 1-0


[Site "https://www.chess.com"]

[Event "Titled Tuesday Blitz June 20 Early 2023"]
[White "Goltsev, Dmitry"]
[Black "Fiorito, Joaquin"]
[WhiteFideId "24176710"]
[BlackFideId "180173"]
[WhiteElo "2356"]
[BlackElo "2199"]
[Result "0-1"]
[Round "7"]
[TimeControl "180+2"]
[Date "2023.06.20"]
[WhiteClock "0:00:25"]
[BlackClock "0:01:53"]
[Board "40"]

1. e4 c5 2. Nf3 d6 3. d4 cxd4 4. Nxd4 Nf6 5. Nc3 a6 6. f3 e5 7. Nb3 Be6 8. Be3 Be7 9. Nd5 Nxd5 10. exd5 Bf5 11. Bd3 Bxd3 12. Qxd3 Nd7 13. c4 a5 14. O-O O-O 15. Rac1 b6 16. a3 Nc5 17. Bxc5 bxc5 18. Nd2 f5 19. Rfe1 Qd7 20. b4 axb4 21. axb4 cxb4 22. c5 dxc5 23. Rxe5 Bf6 24. Ree1 Bd4+ 25. Kh1 Qxd5 26. Nb3 Ra3 27. Rxc5 Rxb3 28. Qd1 Qxc5 29. Qxb3+ Kh8 30. h3 Qc3 31. Qe6 b3 32. Re2 b2 33. Qxf5 Qc1+ 34. Kh2 Bg1+ 35. Kg3 Qc7+ 36. f4 Rb8 37. Kg4 h6 38. Re1 Bd4 39. Qg6 Qd7+ 40. Kh5 Rb5+ 41. Kh4 Bf2+ 42. g3 Bxe1 43. Qc2 Bxg3+ 44. Kxg3 b1=Q 45. Qe2 Qg1+ 46. Kh4 Qd8+ 47. Qe7 Qxe7# 0-1


[Site "https://www.chess.com"]